[Event "Romanian-ch Open 2022"]
[Site "Eforie Nord"]
[Date "2022.02.24"]
[Round "6.15"]
[White "Stepanencu, Nicodim-Cosmin"]
[Black "Creanga, Robert-Ionut"]
[Result "0-1"]
[ECO "B12"]
[WhiteElo "2334"]
[BlackElo "2115"]
[Annotator "RC"]
[PlyCount "122"]
[EventDate "2022.02.20"]
[EventType "swiss"]
[EventCountry "ROU"]
[SourceTitle "playchess.com"]
[Source "ChessBase"]
[SourceQuality "1"]
[TimeControl "40/5400+30:900+30"]

1. e4 c6 2. d4 d5 3. e5 Bf5 4. Nf3 e6 5. Be2 c5 6. O-O Nc6 7. c3 cxd4 8. Nxd4 Nge7 9. Nxf5 Nxf5 10. Nd2 Nxe5 11. Qa4+ Nc6 12. Bd3 Nd6 13. Nf3 Be7 14. Qg4 O-O 15. Bh6 Bf6 16. Ng5 Bxg5 17. Bxg5 Qd7 18. Rfe1 f5 19. Qa4 e5 20. Rad1 Qf7 21. Bc2 Ne4 22. Bc1 Kh8 23. f3 Nd6 24. Bb3 Nc4 25. Qb5 Rad8 26. Bg5 Rd7 27. h3 h6 28. Bh4 N6a5 29. Ba4 Nc6 30. Re2 Rc8 31. Kh1 a6 32. Qc5 b5 33. Bb3 Ne7 34. Qg1 Ng6 35. Bg3 Re7 36. Rde1 Qf6 37. Rd1 Qf7 38. Qh2 Rce8 39. h4 h5 40. Qh3 Rf8 41. a4 bxa4 42. Bxa4 Rb8 43. Bc6 Nb6 44. Red2 Re6 45. Bxd5 Nxd5 46. Rxd5 Rxb2 47. c4 Rc2 48. Rc5 Kh7 49. Kh2 Re2 50. Rcd5 Rc6 51. c5 Rc7 52. Kg1 Rc2 53. Bxe5 R2xc5 54. Rxc5 Rxc5 55. Bd4 Nf4 56. Qh1 Ne2+ 57. Kf2 Rc2 58. Be3 f4 59. Bd2 Nc3 60. Qe1 Nxd1+ 61. Qxd1 Qa2 0-1

[Event "Romanian-ch Open 2022"]
[Site "Eforie Nord"]
[Date "2022.02.24"]
[Round "6.16"]
[White "Vajda, Albert"]
[Black "Serban, Cristian-Stefan"]
[Result "1-0"]
[ECO "B20"]
[WhiteElo "2351"]
[BlackElo "2090"]
[Annotator "RC"]
[PlyCount "147"]
[EventDate "2022.02.20"]
[EventType "swiss"]
[EventCountry "ROU"]
[SourceTitle "playchess.com"]
[Source "ChessBase"]
[SourceQuality "1"]
[TimeControl "40/5400+30:900+30"]

1. e4 c5 2. a3 e6 3. b4 cxb4 4. axb4 Bxb4 5. c3 Be7 6. d4 Nf6 7. Bd3 Nc6 8. h4 h5 9. Nd2 Rb8 10. Qe2 a6 11. Ngf3 b5 12. O-O d5 13. e5 Nd7 14. Ng5 Nf8 15. Nb3 b4 16. Bxa6 bxc3 17. Bb5 Bd7 18. Bxc6 Bxc6 19. Qc2 Bb5 20. Re1 Qc7 21. Re3 Rc8 22. Ba3 Qc4 23. Bxe7 Kxe7 24. Qa2 Qb4 25. Rf3 f6 26. exf6+ gxf6 27. Nh3 Nd7 28. Nf4 Ra8 29. Na5 Kd6 30. Re3 Ne5 31. dxe5+ fxe5 32. Ng6 Rhc8 33. Ree1 c2 34. Rec1 Bd3 35. Nxe5 Rxa5 36. Nf7+ Ke7 37. Qxa5 Qxa5 38. Rxa5 Kxf7 39. f3 Bf5 40. Kf2 d4 41. Ke1 Kf6 42. Kd2 Rg8 43. Rg1 Rg3 44. Rc5 d3 45. Ke3 Ke7 46. Rc4 Kd6 47. Kd2 Kd5 48. Rc8 e5 49. Rd8+ Ke6 50. Re8+ Kd6 51. Rd8+ Ke7 52. Rh8 Bg6 53. Rc8 Bf5 54. Rh8 Bg6 55. Rc8 Kf6 56. Rc6+ Ke7 57. Rc7+ Kd6 58. Rg7 Ke6 59. Rg8 Kf7 60. Rd8 e4 61. fxe4 Bxe4 62. Rd4 Bg6 63. Rf1+ Ke6 64. Rf2 Ke5 65. Rd8 Rg4 66. Rg8 Ke4 67. Ra8 c1=Q+ 68. Kxc1 Ke3 69. Rf3+ Ke2 70. Ra2+ Ke1 71. Re3+ Kf1 72. g3 Rc4+ 73. Kd1 Be4 74. Re1# 1-0

[Event "Romanian-ch Open 2022"]
[Site "Eforie Nord"]
[Date "2022.02.24"]
[Round "6.17"]
[White "Nastore, Pavel-Alexandru"]
[Black "Andronescu, Madalin"]
[Result "1-0"]
[ECO "C67"]
[WhiteElo "2306"]
[BlackElo "2122"]
[Annotator "RC"]
[PlyCount "125"]
[EventDate "2022.02.20"]
[EventType "swiss"]
[EventCountry "ROU"]
[SourceTitle "playchess.com"]
[Source "ChessBase"]
[SourceQuality "1"]
[TimeControl "40/5400+30:900+30"]

1. e4 e5 2. Nf3 Nc6 3. Bb5 Nf6 4. O-O Nxe4 5. Re1 Nd6 6. Nxe5 Nxe5 7. Rxe5+ Be7 8. Bf1 O-O 9. Nc3 Re8 10. d4 Bf6 11. Rxe8+ Nxe8 12. Nd5 c6 13. Nxf6+ Nxf6 14. Bd3 d5 15. Bg5 Qd6 16. Qe1 Bd7 17. Qe5 Qxe5 18. dxe5 Ne4 19. Be3 h6 20. Rd1 Be6 21. f3 Ng5 22. h4 Nh7 23. g4 f6 24. exf6 Nxf6 25. Re1 Kf7 26. g5 hxg5 27. hxg5 Nh5 28. g6+ Ke7 29. f4 Ng3 30. Bxa7 Rxa7 31. f5 Ne4 32. Bxe4 dxe4 33. Rxe4 Ra5 34. Rxe6+ Kd7 35. Re4 Rxf5 36. Rg4 Ke6 37. a4 b5 38. a5 b4 39. Rxb4 Rxa5 40. Kf2 Kf5 41. Rc4 Ra6 42. b4 Kxg6 43. Rc5 Kf6 44. Kf3 Ke6 45. Ke4 Rb6 46. c3 Ra6 47. Re5+ Kf6 48. Rf5+ Ke6 49. Rc5 Rb6 50. Kd4 Ra6 51. Rg5 Kf6 52. Ra5 Rb6 53. Kc5 Rb8 54. Ra6 g5 55. Rxc6+ Kf5 56. b5 g4 57. Ra6 g3 58. c4 g2 59. Ra1 Rg8 60. Rg1 Ke4 61. b6 Rg7 62. Kc6 Rg6+ 63. Kb5 1-0

[Event "Romanian-ch Open 2022"]
[Site "Eforie Nord"]
[Date "2022.02.24"]
[Round "6.18"]
[White "Ignat, Matei-Marius"]
[Black "Dobre, Claudiu-Cristian"]
[Result "0-1"]
[ECO "B11"]
[WhiteElo "2053"]
[BlackElo "2298"]
[Annotator "RC"]
[PlyCount "80"]
[EventDate "2022.02.20"]
[EventType "swiss"]
[EventCountry "ROU"]
[SourceTitle "playchess.com"]
[Source "ChessBase"]
[SourceQuality "1"]
[TimeControl "40/5400+30:900+30"]

1. e4 c6 2. Nf3 d5 3. Nc3 Nf6 4. e5 Ne4 5. Ne2 Qb6 6. d4 c5 7. Ng3 Nc6 8. Bd3 Nxg3 9. fxg3 Bg4 10. h3 Bxf3 11. Qxf3 c4 12. O-O O-O-O 13. Be2 Nxd4 14. Qg4+ e6 15. Be3 Nxe2+ 16. Qxe2 Bc5 17. Bxc5 Qxc5+ 18. Kh2 Rd7 19. Qg4 g6 20. Rf6 Re8 21. Raf1 Ree7 22. c3 Qe3 23. Qf4 Qxf4 24. R6xf4 b5 25. g4 a5 26. g5 b4 27. Rh4 a4 28. cxb4 a3 29. bxa3 d4 30. Rc1 c3 31. Rf4 Rd5 32. Re4 Rc7 33. Ree1 d3 34. Red1 c2 35. Rd2 Ra7 36. Kg3 Rxa3 37. Kf4 Rxa2 38. Ke3 Ra3 39. Ke4 Kb7 40. Ke3 Rb3 0-1

[Event "Romanian-ch Open 2022"]
[Site "Eforie Nord"]
[Date "2022.02.24"]
[Round "6.19"]
[White "Voiteanu, Gabriel"]
[Black "Sarighioleanu, Sebastian-Laure"]
[Result "1-0"]
[ECO "E73"]
[WhiteElo "2207"]
[BlackElo "2045"]
[Annotator "RC"]
[PlyCount "67"]
[EventDate "2022.02.20"]
[EventType "swiss"]
[EventCountry "ROU"]
[SourceTitle "playchess.com"]
[Source "ChessBase"]
[SourceQuality "1"]
[TimeControl "40/5400+30:900+30"]

1. d4 Nf6 2. c4 g6 3. Nc3 Bg7 4. e4 d6 5. Be2 O-O 6. Be3 Nc6 7. g4 e5 8. d5 Nd4 9. g5 Nd7 10. Nf3 f5 11. h4 Nc5 12. Nxd4 exd4 13. Bxd4 fxe4 14. Bxg7 Kxg7 15. Qd4+ Kg8 16. b4 Nd3+ 17. Bxd3 exd3 18. O-O-O Bf5 19. f4 Qd7 20. Rde1 Rae8 21. Kd2 a6 22. Rxe8 Rxe8 23. Re1 Rxe1 24. Kxe1 Qe8+ 25. Kd2 b6 26. Qf6 b5 27. cxb5 axb5 28. h5 c5 29. h6 Qd7 30. bxc5 b4 31. Na4 dxc5 32. Nxc5 Qa7 33. Qb2 Qc7 34. Qe5 1-0

[Event "Romanian-ch Open 2022"]
[Site "Eforie Nord"]
[Date "2022.02.24"]
[Round "6.20"]
[White "Prelipcean, Eric-Matei"]
[Black "Daianu, Cristian-Clement"]
[Result "0-1"]
[ECO "B66"]
[WhiteElo "1935"]
[BlackElo "2171"]
[Annotator "NA RC"]
[PlyCount "94"]
[EventDate "2022.02.20"]
[EventType "swiss"]
[EventCountry "ROU"]
[SourceTitle "playchess.com"]
[Source "ChessBase"]
[SourceQuality "1"]
[TimeControl "40/5400+30:900+30"]

1. e4 c5 2. Nf3 d6 3. d4 cxd4 4. Nxd4 Nf6 5. Nc3 a6 6. Bg5 Nc6 7. Qd2 Bd7 8. f3 e6 9. O-O-O Be7 10. Be3 b5 11. g4 $1 h6 12. Rg1 Rc8 13. Kb1 Ne5 {[%emt 0:00:44] [#]} 14. h4 (14. a3 $1 $16) 14... b4 $1 15. Nce2 d5 16. g5 hxg5 17. hxg5 Nxf3 $18 18. Nxf3 Nxe4 19. Qc1 Ba4 20. b3 Bb5 21. Bd4 Bc5 22. Bxc5 Bxe2 23. Bxe2 Nc3+ 24. Kb2 Rxc5 25. Bd3 Qa5 26. a4 bxa3+ 27. Ka1 Nxd1 28. Rxd1 Rh3 29. Ne1 Rh1 30. Ka2 Qc3 31. Qa1 Qxa1+ 32. Rxa1 e5 33. Bxa6 Kd7 34. Rb1 Kc7 35. Be2 Rc3 36. Kxa3 Re3 37. Ng2 Rxe2 38. Rxh1 Rxg2 39. Rf1 f6 40. gxf6 gxf6 41. c3 Rg6 42. b4 e4 43. Kb3 Kd6 44. b5 Ke5 45. Kb4 f5 46. Kc5 Rg8 47. Kb6 f4 0-1

[Event "Romanian-ch Open 2022"]
[Site "Eforie Nord"]
[Date "2022.02.24"]
[Round "6.21"]
[White "Cnejev, Vladimir-Alexandru"]
[Black "Craciun, Sasha-Matei"]
[Result "1/2-1/2"]
[ECO "C99"]
[WhiteElo "2179"]
[BlackElo "1871"]
[Annotator "NA RC"]
[PlyCount "130"]
[EventDate "2022.02.20"]
[EventType "swiss"]
[EventCountry "ROU"]
[SourceTitle "playchess.com"]
[Source "ChessBase"]
[SourceQuality "1"]
[TimeControl "40/5400+30:900+30"]

1. e4 e5 2. Nf3 Nc6 3. Bb5 a6 4. Ba4 Nf6 5. O-O Be7 6. Re1 b5 7. Bb3 d6 8. c3 O-O 9. h3 Na5 10. Bc2 c5 11. d4 Qc7 12. Nbd2 cxd4 13. cxd4 Nc6 14. d5 Nb4 15. Bb1 a5 16. Nf1 Bd7 17. a3 Na6 18. Ng3 a4 19. Nh2 Ne8 20. Ng4 Nc5 21. Bc2 Rc8 22. Bd2 Qb7 23. Rc1 f5 $16 (23... Qb6 $11) 24. Nxf5 Bxf5 25. exf5 Qxd5 26. Ne3 Qb7 27. b4 Nd7 28. Be4 Rxc1 29. Bxb7 Rxd1 30. Rxd1 Nef6 31. Nd5 Kf7 32. Nc3 Rb8 33. Bc6 Nb6 34. Bxb5 d5 35. Nxa4 Nxa4 36. Bxa4 Ra8 37. Bc6 Rxa3 38. b5 Bc5 39. Rc1 Bb6 40. Bb4 Rb3 41. Bc5 Bxc5 42. Rxc5 d4 43. Rxe5 Rb1+ 44. Kh2 d3 45. Bf3 d2 46. Rc5 d1=Q 47. Bxd1 Rxd1 48. b6 Ke7 49. Rc7+ Nd7 50. b7 Rb1 51. g4 Kd6 52. Rc8 Rxb7 53. Rh8 h6 54. f4 Rb8 55. Rxb8 Nxb8 56. g5 hxg5 57. fxg5 Ke5 58. f6 g6 59. h4 Kf5 60. Kg3 Nd7 61. Kf3 Ne5+ 62. Kg3 Nf7 63. Kf3 Ne5+ 64. Kg3 Nf7 65. Kf3 Ne5+ 1/2-1/2

[Event "Romanian-ch Open 2022"]
[Site "Eforie Nord"]
[Date "2022.02.24"]
[Round "6.22"]
[White "Ciocani, Iosif"]
[Black "Vilcu, Matei-Stefan"]
[Result "1/2-1/2"]
[ECO "B96"]
[WhiteElo "1876"]
[BlackElo "2112"]
[Annotator "NA RC"]
[PlyCount "90"]
[EventDate "2022.02.20"]
[EventType "swiss"]
[EventCountry "ROU"]
[SourceTitle "playchess.com"]
[Source "ChessBase"]
[SourceQuality "1"]
[TimeControl "40/5400+30:900+30"]

1. e4 c5 2. Nf3 d6 3. d4 cxd4 4. Nxd4 Nf6 5. Nc3 a6 6. Bg5 e6 7. f4 h6 8. Bh4 Qb6 9. Qd2 Qxb2 10. Rb1 Qa3 11. f5 Nc6 12. fxe6 Bxe6 13. Nxe6 fxe6 14. Bxf6 gxf6 15. Rxb7 h5 16. Be2 Rc8 17. Rb3 $11 Qa5 18. Rf1 Be7 19. Nd1 Qxd2+ 20. Kxd2 a5 21. Bb5 Kf7 22. Bxc6 Rxc6 23. Ne3 Rhc8 24. Rb5 Rc5 25. Rfb1 Bf8 26. Rxc5 Rxc5 27. a4 Bh6 28. Rb5 Rc4 29. Rxh5 Rd4+ 30. Ke2 Kg6 31. Rh4 Rxa4 32. Rg4+ Kf7 33. e5 Rxg4 34. Nxg4 Bf4 35. exf6 a4 36. Kd3 Bc1 37. Kc3 a3 38. Kb3 e5 39. Nf2 Kxf6 40. Nd3 Bd2 41. Kxa3 e4 42. Nf2 e3 43. Nd3 e2 44. Kb3 d5 45. c4 dxc4+ 1/2-1/2

[Event "Romanian-ch Open 2022"]
[Site "Eforie Nord"]
[Date "2022.02.24"]
[Round "6.23"]
[White "Sachilaru, Alexandru"]
[Black "Capragiu, Matei-Stefan"]
[Result "1-0"]
[ECO "E90"]
[WhiteElo "2085"]
[BlackElo "1902"]
[Annotator "NA RC"]
[PlyCount "73"]
[EventDate "2022.02.20"]
[EventType "swiss"]
[EventCountry "ROU"]
[SourceTitle "playchess.com"]
[Source "ChessBase"]
[SourceQuality "1"]
[TimeControl "40/5400+30:900+30"]

1. d4 Nf6 2. Nf3 g6 3. c4 Bg7 4. Nc3 d6 5. e4 O-O 6. h3 Nbd7 7. Be3 e5 8. d5 Ne8 9. g4 a5 10. Be2 Nc5 11. Nd2 f5 12. gxf5 gxf5 13. Qc2 (13. Rg1 $14 {might be stronger.}) 13... f4 (13... Na6 $11 {keeps the balance.} 14. Nf3 (14. Rg1 $2 f4 $19) 14... Nb4) 14. Bxc5 dxc5 15. Nf3 Nd6 16. O-O-O ({Much weaker is} 16. Rg1 Kh8 $11) 16... Bf6 17. h4 $14 Kh8 18. Rdg1 Bd7 19. Ng5 Qe7 20. Nb5 Nxb5 21. cxb5 Bxg5 22. hxg5 Rg8 23. g6 Rg7 24. Qc3 Rag8 25. Rh5 Rxg6 26. Rxg6 Rxg6 27. Qxe5+ Qxe5 28. Rxe5 Kg8 29. Bc4 Kf8 30. Rh5 Kg7 31. e5 h6 32. e6 Be8 33. Rh4 Rf6 34. b6 cxb6 35. d6 Kf8 36. Rg4 Bg6 37. e7+ 1-0

[Event "Romanian-ch Open 2022"]
[Site "Eforie Nord"]
[Date "2022.02.24"]
[Round "6.24"]
[White "Negrean, Andrei"]
[Black "Popescu, Daniel-Vasilica"]
[Result "0-1"]
[ECO "B40"]
[WhiteElo "1941"]
[BlackElo "2064"]
[Annotator "NA RC"]
[PlyCount "90"]
[EventDate "2022.02.20"]
[EventType "swiss"]
[EventCountry "ROU"]
[SourceTitle "playchess.com"]
[Source "ChessBase"]
[SourceQuality "1"]
[TimeControl "40/5400+30:900+30"]

1. e4 c5 2. Nf3 e6 3. c4 Nc6 4. Nc3 a6 5. Be2 Nd4 6. O-O Ne7 7. d3 Nec6 8. Be3 Be7 9. Re1 g5 (9... O-O $15) 10. h3 d6 11. a3 $11 h5 12. Nh2 Nxe2+ 13. Qxe2 Nd4 14. Bxd4 cxd4 15. Na2 Bf6 16. Rac1 b6 17. b4 e5 18. c5 g4 19. hxg4 hxg4 20. g3 Bg5 21. Rc2 Qf6 22. Qf1 b5 23. c6 Be6 24. Nc1 Rc8 25. f3 gxf3 26. Qxf3 Qh6 27. Rf1 Rxc6 28. Ng4 Be3+ 29. Nxe3 Rxc2 30. Ng4 Bxg4 31. Qxf7+ Kd8 32. Qf6+ Qxf6 33. Rxf6 Rxc1+ 34. Kg2 Ke7 35. Rf2 Rf8 36. Rxf8 Kxf8 37. Kf2 Rc2+ 38. Ke1 Bf3 39. g4 Kg7 40. g5 Kg6 41. Kf1 Kxg5 42. a4 Kg4 43. a5 Kg3 44. Ke1 Rb2 45. Kf1 Rb1# 0-1

[Event "Romanian-ch Open 2022"]
[Site "Eforie Nord"]
[Date "2022.02.24"]
[Round "6.25"]
[White "Butolo, Alexandru-Mircea"]
[Black "Veress, Armand"]
[Result "0-1"]
[ECO "B11"]
[WhiteElo "1850"]
[BlackElo "2034"]
[Annotator "NA RC"]
[PlyCount "50"]
[EventDate "2022.02.20"]
[EventType "swiss"]
[EventCountry "ROU"]
[SourceTitle "playchess.com"]
[Source "ChessBase"]
[SourceQuality "1"]
[TimeControl "40/5400+30:900+30"]

1. e4 c6 2. Nf3 d5 3. Nc3 Bg4 4. h3 Bxf3 5. Qxf3 e6 6. d4 Qb6 7. exd5 cxd5 8. Bb5+ (8. Ne2 {might be stronger.}) 8... Nc6 9. O-O Nf6 10. a4 (10. Qg3 $11) 10... Qxd4 $15 11. a5 a6 12. Bg5 Be7 13. Rfd1 Qc5 14. b4 Qd6 15. Bf4 Qd7 16. Ba4 Bxb4 17. Rab1 Bxa5 18. Be5 Bd8 19. Qg3 b5 20. Nxb5 axb5 21. Bxb5 O-O 22. Qc3 Rc8 23. Ba6 Ne4 24. Bxc8 Nxc3 25. Bxd7 Nxe5 0-1

[Event "Romanian-ch Open 2022"]
[Site "Eforie Nord"]
[Date "2022.02.24"]
[Round "6.26"]
[White "Pirvulescu, Adrian"]
[Black "Mintau, Andrei-Catalin"]
[Result "0-1"]
[ECO "B01"]
[WhiteElo "1843"]
[BlackElo "2029"]
[Annotator "NA RC"]
[PlyCount "58"]
[EventDate "2022.02.20"]
[EventType "swiss"]
[EventCountry "ROU"]
[SourceTitle "playchess.com"]
[Source "ChessBase"]
[SourceQuality "1"]
[TimeControl "40/5400+30:900+30"]

1. e4 d5 2. exd5 Nf6 3. d4 Bg4 4. f3 Bf5 5. g4 Bg6 6. c4 c5 7. g5 Nfd7 8. Nc3 ({Better is} 8. h4 $16) 8... Na6 (8... cxd4 $11 9. Qxd4 Na6) 9. Nb5 cxd4 10. Bf4 $2 (10. h4 $1 $11 {and White is okay.}) 10... e5 11. dxe6 Bb4+ $17 12. Kf2 fxe6 13. a3 Bc5 14. b4 O-O 15. Bg3 Qxg5 16. bxc5 e5 17. Nxd4 exd4 18. Qxd4 Nf6 19. Bh4 Ne4+ 20. Qxe4 Qd2+ 21. Qe2 Qd4+ 22. Kg3 Qxa1 23. c6 Rae8 24. Be7 Rf7 25. Qe6 Rexe7 26. Qc8+ Rf8 27. cxb7 Qxf1 28. Qc6 Qe1+ 29. Kg2 Qe6 0-1

[Event "Romanian-ch Open 2022"]
[Site "Eforie Nord"]
[Date "2022.02.24"]
[Round "6.27"]
[White "Tamas, Christian-Arrydan"]
[Black "Radu, David Cr."]
[Result "0-1"]
[ECO "D02"]
[WhiteElo "1833"]
[BlackElo "1960"]
[Annotator "NA RC"]
[PlyCount "70"]
[EventDate "2022.02.20"]
[EventType "swiss"]
[EventCountry "ROU"]
[SourceTitle "playchess.com"]
[Source "ChessBase"]
[SourceQuality "1"]
[TimeControl "40/5400+30:900+30"]

1. d4 d5 2. Nf3 e6 3. g3 b6 4. Bg2 Bb7 5. O-O Nd7 6. c4 dxc4 7. Qa4 a6 8. Qxc4 b5 9. Qb3 c5 10. a4 c4 11. Qc2 Ngf6 12. axb5 axb5 13. Rxa8 Qxa8 14. b3 Be4 15. Qb2 Bd6 16. bxc4 bxc4 $16 17. Nbd2 Bd5 18. Qc2 O-O 19. Re1 c3 20. Qxc3 Rc8 21. Qd3 Ne4 22. Nh4 Bb4 23. Qb5 Rxc1 24. Rxc1 Bxd2 25. Rd1 Nc3 26. Bxd5 exd5 27. Qxd7 Nxd1 28. Nf3 Bc3 29. Ng5 Bxd4 30. Qxf7+ Kh8 31. Qf5 Bxf2+ 32. Kh1 d4+ 33. Nf3 Ne3 34. Qb1 d3 35. h4 d2 0-1

[Event "Romanian-ch Open 2022"]
[Site "Eforie Nord"]
[Date "2022.02.24"]
[Round "6.28"]
[White "Chis, Bogdan-Vasile"]
[Black "Zaim, Marian"]
[Result "0-1"]
[ECO "B23"]
[WhiteElo "1685"]
[BlackElo "1964"]
[Annotator "NA RC"]
[PlyCount "116"]
[EventDate "2022.02.20"]
[EventType "swiss"]
[EventCountry "ROU"]
[SourceTitle "playchess.com"]
[Source "ChessBase"]
[SourceQuality "1"]
[TimeControl "40/5400+30:900+30"]

1. e4 c5 2. Nc3 d6 3. f4 e6 4. Nf3 Nf6 5. Bb5+ Nbd7 6. d4 a6 7. Bxd7+ Qxd7 8. e5 cxd4 9. Qxd4 (9. Nxd4 $11 {keeps the balance.} dxe5 10. fxe5) 9... dxe5 10. Qxd7+ Nxd7 11. fxe5 b5 12. Bf4 Bb7 13. O-O-O Bb4 14. Rhe1 $17 ({White should play} 14. Ng5) 14... Bxc3 15. bxc3 Bxf3 16. gxf3 Nb6 17. Rd4 O-O 18. Red1 Rfc8 19. R1d3 Nd5 20. Bd2 Rc5 21. f4 Rac8 22. Kb2 h5 23. Kb3 Rc4 24. f5 R4c5 25. a4 R8c7 26. fxe6 fxe6 27. a5 g6 28. Rf3 Kg7 29. Rdd3 Rc4 30. Rxd5 exd5 31. Rd3 Re4 32. Rxd5 Rc6 33. Bg5 Kf7 34. Bf6 Ke6 35. Rd3 g5 36. Bxg5 Rxe5 37. h4 Kf5 38. Rd4 Rec5 39. Rf4+ Kg6 40. Rf3 Rc4 41. Bd8 Rd6 42. Bg5 Rg4 43. Rd3 Rxd3 44. cxd3 Rxg5 45. hxg5 h4 46. c4 bxc4+ 47. Kxc4 h3 48. Kc5 h2 49. Kb6 h1=Q 50. Kxa6 Qa8+ 51. Kb6 Kxg5 52. a6 Kf6 53. a7 Ke5 54. Ka6 Kd4 55. Kb6 Kxd3 56. Ka6 Kd4 57. Kb6 Kd5 58. Ka6 Kc6 0-1

[Event "Romanian-ch Open 2022"]
[Site "Eforie Nord"]
[Date "2022.02.24"]
[Round "6.29"]
[White "Dragomirescu, Calin"]
[Black "Visanescu, Dragos-Nicholas"]
[Result "1-0"]
[ECO "E06"]
[WhiteElo "2092"]
[BlackElo "1781"]
[Annotator "NA RC"]
[PlyCount "119"]
[EventDate "2022.02.20"]
[EventType "swiss"]
[EventCountry "ROU"]
[SourceTitle "playchess.com"]
[Source "ChessBase"]
[SourceQuality "1"]
[TimeControl "40/5400+30:900+30"]

1. d4 d5 2. Nf3 e6 3. c4 Nf6 4. g3 Be7 5. Bg2 O-O 6. O-O c6 7. Qc2 b6 8. Nbd2 Bb7 9. e4 Na6 10. a3 {[%emt 0:01:38] 10.a3 is better than 10.e5.} c5 11. cxd5 exd5 12. e5 Nd7 13. Re1 Nc7 14. Nf1 Ne6 15. Ne3 g6 {[%emt 1:20:54] [#]} 16. dxc5 $146 ({Predecessor:} 16. Qd1 Rc8 17. Nc2 Re8 18. Bh6 Bf8 19. Bxf8 Ndxf8 20. Qd2 f5 21. exf6 Qxf6 22. Re3 cxd4 23. Ncxd4 {1-0 (35) Sharavdorj,D (2446)-Al Ali,H (2329) Istanbul 2012}) 16... bxc5 17. h4 Nb6 18. h5 d4 ({Don't play} 18... gxh5 19. Nf5 $16) 19. Ng4 d3 ({Resist} 19... gxh5 20. Nh6+ Kh8 21. Qf5 $14) 20. Qd1 Rb8 21. hxg6 (21. Bh6 $11) 21... hxg6 22. b3 c4 23. bxc4 Nxc4 24. Bh6 Bxf3 $11 (24... Nb2 $17 25. Qd2 Bxf3 26. Bxf3 Bg5 27. Bxg5 (27. Nf6+ Qxf6 28. exf6 Bxd2 $15) 27... Qxg5 28. Nf6+ Kg7 29. Qxg5 Nxg5) 25. Qxf3 d2 26. Red1 Nd4 27. Qd5 Qxd5 28. Bxd5 Rfc8 29. Bxd2 Nb3 30. Bf4 g5 31. Be3 Nxe3 32. Nxe3 Nxa1 33. Rxa1 Rb2 34. Rf1 Rc5 35. e6 f6 36. Rd1 Rbb5 37. g4 Ra5 38. Be4 Ra4 39. Bg6 Rc7 40. Rb1 Bxa3 41. Bf7+ Kh7 42. Kg2 Bc1 43. Nd5 Rxf7 44. Rxc1 Rxg4+ 45. Kf3 Rd4 46. exf7 Kg7 47. Ne3 Kxf7 48. Rc7+ Kg6 49. Rxa7 f5 50. Ra6+ Kh5 51. Rh6+ Kxh6 52. Nxf5+ Kh5 53. Nxd4 Kh4 54. Kg2 Kg4 55. Nc2 Kf4 56. Ne3 Ke4 57. Kg3 Kd3 58. Kf3 Kd2 59. Ng4 Kd3 60. Ne5+ 1-0

[Event "Romanian-ch Open 2022"]
[Site "Eforie Nord"]
[Date "2022.02.24"]
[Round "6.30"]
[White "Tudor, Henry Edward"]
[Black "Mazilu, Stefan-Fabian"]
[Result "0-1"]
[ECO "E32"]
[WhiteElo "1879"]
[BlackElo "1886"]
[Annotator "NA RC"]
[PlyCount "70"]
[EventDate "2022.02.20"]
[EventType "swiss"]
[EventCountry "ROU"]
[SourceTitle "playchess.com"]
[Source "ChessBase"]
[SourceQuality "1"]
[TimeControl "40/5400+30:900+30"]

1. d4 Nf6 2. c4 e6 3. Nc3 Bb4 4. Qc2 O-O 5. e4 d6 6. Bd3 Nc6 7. Nge2 Ba5 8. a3 Bb6 9. e5 $11 dxe5 10. c5 exd4 11. Na2 e5 12. f3 h6 13. cxb6 axb6 14. O-O Be6 15. Bc4 Bxc4 16. Qxc4 d3 17. Rd1 dxe2 18. Qxe2 Qe7 19. b4 Rad8 20. Bb2 Rfe8 21. Qe3 Nd5 22. Qe4 Nf6 23. Qe3 Nd4 24. Rac1 Nd5 25. Qe4 f5 26. Qe1 Nf4 27. Kh1 c5 28. g3 Nfe2 29. Rb1 e4 30. f4 e3 31. Qf1 Qe6 32. Ra1 Qb3 33. Rdb1 Qd5+ 34. Qg2 Qxg2+ 35. Kxg2 Nc2 0-1

[Event "Romanian-ch Open 2022"]
[Site "Eforie Nord"]
[Date "2022.02.25"]
[Round "7.7"]
[White "Manolache, Marius"]
[Black "Secheres, Adrian-Simion"]
[Result "0-1"]
[ECO "E76"]
[WhiteElo "2485"]
[BlackElo "2363"]
[Annotator "ChessBase"]
[PlyCount "136"]
[EventDate "2022.02.20"]
[EventType "swiss"]
[EventCountry "ROU"]
[SourceTitle "playchess.com"]
[Source "ChessBase"]
[SourceQuality "1"]
[TimeControl "40/5400+30:900+30"]

1. d4 Nf6 2. c4 g6 3. Nc3 Bg7 4. e4 d6 5. f4 c5 6. d5 O-O 7. Nf3 e6 8. dxe6 fxe6 9. Bd3 Nc6 10. O-O b6 11. Ng5 Qe7 12. Bd2 Bb7 13. Be1 Nd4 14. Kh1 e5 15. f5 gxf5 16. Bh4 h6 17. Nf3 Qd7 18. Bxf6 Rxf6 19. exf5 Nxf5 20. Qe2 Raf8 21. Nd5 Bxd5 22. cxd5 Ne7 23. Qe4 Qf5 24. Qe2 Qg4 25. Rfe1 Rf4 26. Be4 Kh8 27. Rac1 Ng8 28. Kg1 Nf6 29. Nd2 Qg5 30. Rc3 h5 31. Rg3 Rg4 32. Rxg4 Qxg4 33. Qxg4 hxg4 34. Nc4 Rd8 35. a4 Bh6 36. g3 Kg7 37. Kg2 Kf7 38. Re2 Ke7 39. Kg1 Rf8 40. Bg2 Kd7 41. h3 gxh3 42. Bxh3+ Kc7 43. Be6 a6 44. Na3 Rb8 45. Kg2 Rf8 46. Re1 Bd2 47. Re2 Bc1 48. Rf2 Nh7 49. Re2 Ng5 50. Bg4 e4 51. Nc4 b5 52. axb5 axb5 53. Rc2 bxc4 54. Rxc1 Rb8 55. Rc2 Nf7 56. Bf5 Ne5 57. Bxe4 Nd3 58. Bxd3 cxd3 59. Rd2 c4 60. Kf3 Kb6 61. g4 Kc5 62. g5 Kxd5 63. g6 Kd4 64. g7 c3 65. bxc3+ Kxc3 66. Ra2 d2 67. Ra3+ Kb2 68. Rd3 Kc2 0-1

[Event "Romanian-ch Open 2022"]
[Site "Eforie Nord"]
[Date "2022.02.25"]
[Round "7.8"]
[White "Martian, Dragos-Daniel"]
[Black "Anton, Teodor"]
[Result "0-1"]
[ECO "B06"]
[WhiteElo "2270"]
[BlackElo "2457"]
[Annotator "ChessBase"]
[PlyCount "82"]
[EventDate "2022.02.20"]
[EventType "swiss"]
[EventCountry "ROU"]
[SourceTitle "playchess.com"]
[Source "ChessBase"]
[SourceQuality "1"]
[TimeControl "40/5400+30:900+30"]

1. e4 g6 2. d4 Bg7 3. Nc3 d6 4. Be3 a6 5. Qd2 b5 6. Bd3 Bb7 7. a4 b4 8. Nce2 a5 9. Nf3 Nf6 10. Ng3 Nbd7 11. h4 Ng4 12. h5 Nxe3 13. Qxe3 e6 14. O-O-O Nb6 15. e5 Nd5 16. Qd2 Qd7 17. h6 Bf8 18. b3 Be7 19. Ne4 O-O 20. Kb1 f5 21. exf6 Bxf6 22. Rde1 Bh8 23. Neg5 Nc3+ 24. Kc1 Rf6 25. Be4 Nxe4 26. Nxe4 Rf5 27. Nh4 Rd5 28. Nxg6 hxg6 29. h7+ Kf8 30. Nf6 Qg7 31. Nxd5 Bxd5 32. Rh4 Ke7 33. Qg5+ Kd7 34. Re3 Rf8 35. Rg3 Rf6 36. Rgg4 c5 37. Rh6 Rxf2 38. Rxg6 Rf1+ 39. Kb2 Qxd4+ 40. Rxd4 Bxd4+ 41. c3 Bxc3+ 0-1

[Event "Romanian-ch Open 2022"]
[Site "Eforie Nord"]
[Date "2022.02.25"]
[Round "7.9"]
[White "Creanga, Robert-Ionut"]
[Black "Stoleriu, George"]
[Result "1/2-1/2"]
[ECO "A65"]
[WhiteElo "2115"]
[BlackElo "2419"]
[Annotator "ChessBase"]
[PlyCount "90"]
[EventDate "2022.02.20"]
[EventType "swiss"]
[EventCountry "ROU"]
[SourceTitle "playchess.com"]
[Source "ChessBase"]
[SourceQuality "1"]
[TimeControl "40/5400+30:900+30"]

1. d4 Nf6 2. c4 g6 3. f3 Bg7 4. e4 d6 5. Nc3 O-O 6. Nge2 c5 7. d5 e6 8. Ng3 exd5 9. cxd5 h5 10. Bg5 a6 11. a4 Qb6 12. Qc1 Nh7 13. a5 Qc7 14. Bh4 Nd7 15. Be2 Bd4 16. Nf1 Re8 17. Bf2 f5 18. Nd2 Ne5 19. Nd1 Qg7 20. O-O Bd7 21. Nb3 Bxf2+ 22. Nxf2 Nf6 23. Nd2 g5 24. Ra3 Re7 25. Rb3 f4 26. Nc4 Bb5 27. Rxb5 Nxc4 28. Rb3 Ne3 29. Re1 g4 30. Nd1 Nxg2 31. Kxg2 gxf3+ 32. Kxf3 Nxe4 33. Nf2 Ng5+ 34. Kg2 f3+ 35. Kh1 Rxe2 36. Rxe2 fxe2 37. Rg3 Rf8 38. Qe3 Kh8 39. Qxe2 Qh6 40. Qe3 Rxf2 41. Rxg5 Rf1+ 42. Kg2 Rf8 43. Qc3+ Kh7 44. Qd3+ Kh8 45. Qc3+ Kh7 1/2-1/2